 Dungeon Crawl Stone Soup version 0.30.0-3-ga4e48a9924 (webtiles) character file.

Game seed: 16441145093624653888

571 Cheops the Grappler (level 7, -9/57 HPs)
             Began as a Ghoul Monk on May 7, 2023.
             Mangled by an ogre
             ... wielding a +0 giant spiked club
              (24 damage)
             ... on level 4 of the Dungeon.
             The game lasted 00:04:38 (3209 turns).

Cheops the Grappler (Ghoul Monk)                    Turns: 3209, Time: 00:04:39

Health: -9/57      AC:  7    Str: 23    XL:     7   Next: 34%
Magic:  6/6        EV: 10    Int:  5    God:
Gold:   257        SH:  0    Dex: 11    Spells: 6/6 levels left

rFire   . .          .
                       - Unarmed
rCold   + + .        c - orb {light}
rNeg    + + +        q - +1 scale mail
rPois   ∞            (no helmet)
rElec   .            (no cloak)
rCorr   .            (no gloves)
SInv    .            (no boots)
Will    .....        u - amulet of magic regeneration Stlth
                     n - +6 ring of strength
HPRegen 0.00/turn    p - ring of protection from cold
MPRegen 0.50/turn

%: no passive effects
@: confused, weak-willed, ambrosia-drunk, inhibited regen, glowing
A: claws 1, cold resistance 1, negative energy resistance 3, inhibited
regeneration, torment resistance 2, devour on kill
a: no special abilities


You were on level 4 of the Dungeon.
You visited 1 branch of the dungeon, and saw 4 of its levels.

You collected 257 gold pieces.

Inventory:

Armour
 a - a +0 robe
 c - an orb of light (worn)
 l - a +1 pair of gloves
 m - a +0 leather armour
 q - a +1 scale mail (worn)
Jewellery
 n - a +6 ring of strength (left claw)
 p - a ring of protection from cold (right claw)
 u - an amulet of magic regeneration (around neck)
Scrolls
 g - 2 scrolls of vulnerability
 h - 4 scrolls of enchant armour
 o - 2 scrolls of identify
 r - 2 scrolls of magic mapping
 w - a scroll of acquirement
Potions
 d - a potion of attraction {unknown}
 e - a potion of flight {unknown}
 f - a potion of heal wounds {unknown}
 i - 2 potions of curing {unknown}
 j - 2 potions of might {unknown}
 s - a potion of mutation {unknown}
 t - 2 potions of magic {unknown}
 v - a potion of resistance {unknown}


   Skills:
 - Level 3.2 Fighting
 + Level 1.6 Armour
 - Level 2.6 Dodging
 * Level 8.7 Unarmed Combat


You had 6 spell levels left.
You didn't know any spells.
Your spell library contained the following spells:

 Spells                   Type           Power      Damage    Failure   Level
 Blink                    Tloc           0%         N/A       91%         2
 Ensorcelled Hibernation  Hex/Ice        0%         N/A       91%         2
 Lesser Beckoning         Tloc           0%         N/A       91%         2
 Momentum Strike          Conj/Tloc      0%         3d8       91%         2
 Passwall                 Tmut/Erth      0%         N/A       91%         2
 Ozocubu's Armour         Ice            0%         N/A       99%         3
 Swiftness                Air            0%         N/A       99%         3
 Vhi's Electric Charge    Tloc/Air       0%         N/A       99%         3
 Arcjolt                  Conj/Air       0%         1d10      100%        5
 Ozocubu's Refrigeration  Ice            0%         4d7       100%        7
 Maxwell's Capacitive Co  Air            0%         ∞         100%        8


Dungeon Overview and Level Annotations

Branches:
Dungeon (4/15)
 Temple: D:4-7

Altars:
Fedhas
Kikubaaqudgha
Nemelex Xobeh

Annotations:
D:4 1 runed translucent door, Linnx's ghost, amateur MiFi


Innate Abilities, Weirdness & Mutations

You are immune to poison.
You have sharp fingernails.
Your flesh is cold resistant. (rC+)
You are immune to negative energy. (rN+++)
You do not regenerate when monsters are visible.
You are immune to unholy pain and torment.
You thrive by killing the living.


Message History

You are too injured to fight recklessly!
You are too injured to fight recklessly!
You are too injured to fight recklessly!
You are too injured to fight recklessly!
As you read the scroll labelled XUQIGO LUCWIST, it crumbles to dust.
It is a scroll of enchant armour.
Your +0 scale mail glows green for a moment.
The orc barely misses you.
The orc wizard hits you but does no damage.
The orc hits you but does no damage.
As you read the scroll labelled LASIZYICRO, it crumbles to dust.
Magic quickly surges around you.
It was a scroll of vulnerability.
The ogre closely misses you.
The orc wizard hits you but does no damage.
The orc hits you with a +2 heavy hand axe.
* * * LOW HITPOINT WARNING * * *
The orc barely misses you.
As you read the scroll labelled MOSISUFIUG, it crumbles to dust.
The scroll dissolves into smoke.
It was a scroll of fog.
The ogre misses you.
Unknown command.
As you read the scroll labelled QUPIAGG YLIH, it crumbles to dust.
It is a scroll of identify.
r - 2 scrolls of magic mapping The orc closely misses you.
This is a scroll of acquirement!
Unknown command.
Unknown command.
Unknown command.
You are confused.
You feel invigorated.
The ogre hits you with a +0 giant spiked club!
* * * LOW HITPOINT WARNING * * *
The orc misses you.
The orc wizard hits you but does no damage.
The orc wizard barely misses you. The ogre misses you.
The orc closely misses you. The orc barely misses you.
The orc wizard closely misses you. The orc hits you but does no damage.
The ogre hits you with a +0 giant spiked club!!
You die...

.. .. .##.##
.....# .
#######....## ..
##...#.#.....#...
#.......§B§§.....
##.....§#oOw.....
#......§o@oo....#
#.####.####o.....
##.## #.#....###
..#.. #...#
#.#.##...# .#
##...#
###.#.#....##..
.. ###....#
#......._.......
.. #.......
#.#[##....#.#.#.
. >.....
##.#.##...##.# #
#...#
#....####....#.#
##<.+


You could see an ogre (weak-willed), a worm (weak-willed), an orc wizard
(weak-willed), 4 orcs and a giant cockroach (weak-willed).

Vanquished Creatures
  A phantom (D:4)
  A gnoll sergeant (D:4)
  3 orc priests
  A gnoll bouda (D:3)
  Jessica (D:2)
  Natasha (thrice) (D:3)
  2 orc wizards (D:3)
  8 gnolls
  2 adders
  An ufetubus (D:4)
  A dart slug (D:3)
  3 orcs
  6 ball pythons
  7 endoplasms
  2 giant cockroaches
  5 goblins
  5 hobgoblins
  4 jackals (D:4)
  6 bats
  A frilled lizard (D:2)
  5 kobolds
68 creatures vanquished.

Vanquished Creatures (others)
  A plant (D:3)
  A withered plant (D:3)
2 creatures vanquished.

Grand Total: 70 creatures vanquished

Notes
Turn   | Place    | Note
-------+----------+-------------------------------------------
     0 | D:1      | Cheops the Ghoul Monk began the quest for the Orb.
     0 | D:1      | Reached XP level 1. HP: 19/19 MP: 0/0
   607 | D:1      | Reached XP level 2. HP: 25/26 MP: 1/1
   883 | D:2      | Reached skill level 4 in Unarmed Combat
   929 | D:2      | Found a faded altar of an unknown god.
   978 | D:2      | Reached XP level 3. HP: 31/31 MP: 2/2
  1241 | D:2      | Noticed Jessica
  1245 | D:2      | Killed Jessica
  1246 | D:2      | Reached skill level 5 in Unarmed Combat
  1610 | D:3      | Reached XP level 4. HP: 38/38 MP: 3/3
  1644 | D:3      | Noticed Natasha
  1650 | D:3      | Killed Natasha
  1700 | D:3      | Reached skill level 6 in Unarmed Combat
  1700 | D:3      | Reached XP level 5. HP: 26/45 MP: 4/4
  1711 | D:3      | Found a blossoming altar of Fedhas.
  1712 | D:3      | Found an ancient bone altar of Kikubaaqudgha.
  1924 | D:3      | Reached skill level 7 in Unarmed Combat
  2078 | D:3      | Reached XP level 6. HP: 49/51 MP: 5/5
  2079 | D:3      | Noticed Natasha
  2084 | D:3      | Killed Natasha
  2117 | D:3      | Noticed Natasha
  2122 | D:3      | Killed Natasha
  2403 | D:3      | Found a sparkling altar of Nemelex Xobeh.
  2805 | D:4      | Noticed Linnx's ghost (amateur MiFi)
  2805 | D:4      | Found a runed translucent door.
  2832 | D:4      | Reached skill level 8 in Unarmed Combat
  2864 | D:4      | Reached skill level 1 in Armour
  2864 | D:4      | Reached XP level 7. HP: 37/57 MP: 6/6
  3206 | D:4      | Identified a scroll of acquirement
  3209 | D:4      | Mangled by an ogre

Illustrated notes

Levels and vault maps discovered:
D:1:      dpeg_arrival_oval, layout_loops_ring
D:2:      layout_basic, shapermc_ecumenical_altar_mp_urbaneastern,
          minmay_misc_feat_columns, uniq_jessica
D:3:      layout_loops_ring, grunt_temple_overflow_growth_and_decay,
          marbit_many_paths, minivault_5, chequers_jeans, minmay_misc_feat_chi,
          uniq_natasha
D:4:      layout_cave_pools, nicolae_overflow_crystal_walls,
          minmay_temple_entry_statues_pillars, ebering_ghost_sewer_d,
          chequers_serial_rivers_small_a, grunt_decor_cap

Skill      XL: |  1  2  3  4  5  6 |
---------------+-------------------+-----
Unarmed Combat | 4 5 6 7 8 |  8.7
Armour         | 1 |  1.6
Fighting       | |  3.2
Dodging        | |  2.6

Action                     |  1- 3 |  4- 6 |  7- 9 || total
---------------------------+-------+-------+-------++-------
  Melee: Unarmed           |    45 |    91 |    47 ||   183
    Use: Scroll            |       |       |     4 ||     4
         Potion            |       |       |     1 ||     1
 Armour: Robe              |     4 |       |       ||     4
         Leather armour    |     7 |       |       ||     7
         Scale mail        |       |    16 |    38 ||    54
  Dodge: Dodged            |    22 |    31 |    53 ||   106
